 Dungeon Crawl Stone Soup version 0.25.1-2-g60ff931df9 (webtiles) character file.

Game seed: 7430375378090108927

7544 kuilvaprogi the Fighter (level 10, -1/102 HPs)
             Began as a Purple Draconian Gladiator on Sept 20, 2020.
             Was a Plaything of Xom.
             Slain by a polar bear simulacrum (12 damage)
             ... in an ice cave on Sept 21, 2020.
             The game lasted 00:56:29 (9622 turns).

kuilvaprogi the Fighter (DrGl)                      Turns: 9622, Time: 00:56:31

Health: -1/102     AC:  9    Str: 21 (22) XL:     10   Next: 96%
Magic:  22/22      EV: 15    Int:  9      God:    Xom [....*.]
Gold:   518        SH:  9    Dex: 17      Spells: 12/13 levels left

rFire    . . .     SeeInvis .   u - +0 trident (venom)
rCold    . . .     Gourm    .   D - +1 kite shield
rNeg     + . .     Faith    .   (armour unavailable)
rPois    .         Spirit   .   b - +0 hat
rElec    .         Reflect  .   y - +0 cloak
rCorr    .         Harm     .   Q - +0 pair of gloves
MR       +++..                  (no boots)
Stlth    ++........             H - amulet of Lady Luck {Regen+ Dex+3}
HPRegen  0.67/turn              f - ring of magical power
MPRegen  0.18/turn              E - ring of positive energy

@: slowed, studying Axes, very slow
A: breathe power, unfitting armour, talons 1, agile 1, deterioration 2, magic
resistance 2, robust 1, strong 1, cold-blooded, MP-powered wands, AC +7
a: Breathe Dispelling Energy, Renounce Religion


You were in an ice cave.
You worshipped Xom.
You were a beloved toy of Xom.
You were hungry.

You visited 2 branches of the dungeon, and saw 10 of its levels.
You also visited: Ossuary and Ice Cave.

You collected 518 gold pieces.

Inventory:

Hand Weapons
 u - a +0 trident of venom (weapon)
Missiles
 c - 3 throwing nets
 j - 8 javelins
 m - 176 stones (quivered)
 G - 3 datura-tipped darts
 S - 5 atropa-tipped darts
 T - 17 poisoned darts
Armour
 b - a +0 hat (worn)
 y - a +0 cloak (worn)
 D - a +1 kite shield (worn)
 Q - a +0 pair of gloves (worn)
Jewellery
 f - a ring of magical power (left hand)
 l - an uncursed ring of stealth
 E - a ring of positive energy (right hand)
 H - the amulet of Lady Luck (around neck) {Regen+ Dex+3}
   (Xom gifted it to you on level 6 of the Dungeon)

   [amulet of regeneration]

   It affects your dexterity (+3).
   It increases your rate of regeneration.
 L - an uncursed amulet of magic regeneration
Wands
 a - a wand of enslavement (1)
 J - a wand of random effects (16)
 P - a wand of iceblast (16)
 R - a wand of digging (5)
Scrolls
 e - a scroll of noise {unknown}
 i - a scroll of fear {unknown}
 k - 6 scrolls of teleportation
 n - a scroll of blinking {unknown}
 o - 4 scrolls of remove curse
 p - a scroll of fog
 q - a scroll of magic mapping
 t - 3 scrolls of enchant armour
 F - a scroll of torment {unknown}
 N - a scroll of immolation
 O - a scroll of random uselessness {unknown}
Potions
 g - a potion of ambrosia
 r - a potion of haste
 s - 5 potions of flight
 v - 2 potions of curing
 w - 4 potions of brilliance
 x - a potion of magic
 z - 2 potions of might
 A - 2 potions of resistance
 B - a potion of degeneration {unknown}
 C - 2 potions of heal wounds
 K - a potion of cancellation {unknown}
 M - a potion of stabbing {unknown}
Books
 h - a manual of Axes
Comestibles
 d - 15 rations


   Skills:
 + Level 10.2 Fighting
 + Level 9.8 Polearms
 - Level 1.7 Throwing
 + Level 9.0 Dodging
 - Level 2.0 Spellcasting
 + Level 5.3 Hexes


You had 12 spell levels left.
You knew the following spells:

 Your Spells              Type           Power        Failure   Level  Hunger
a - Corona                Hex            ##.....      26%         1    ##.....

Your spell library contained the following spells:

 Spells                   Type           Power        Failure   Level  Hunger
 Animate Skeleton         Necr           N/A          93%         1    ##.....
 Apportation              Tloc           #.....       93%         1    ##.....
 Summon Small Mammal      Summ           #...         93%         1    ##.....


Dungeon Overview and Level Annotations

Branches:
Dungeon (9/15)             Temple (0/1) D:5            Lair (1/6) D:8
Ossuary (visited)           IceCv (1/1)
    Orc: D:9-12

Altars:
Cheibriados
Kikubaaqudgha
Makhleb
Nemelex Xobeh
Trog
Wu Jian
Xom

Shops:
D:4 %

Annotations:
D:9 exclusion: yaktaur captain, Joseph


Innate Abilities, Weirdness & Mutations

You can breathe bolts of dispelling energy.
Your rich purple scales are hard. (AC +7)
You cannot fit into any form of body armour.
You are cold-blooded and may be slowed by cold attacks.
You have sharp toenails.
You are agile. (Dex +2)
Your body often deteriorates upon taking damage.
You are highly resistant to hostile enchantments. (MR++)
You are robust. (+10% HP)
Your muscles are strong. (Str +2)
You expend magic power (3 MP) to strengthen your wands.


Message History

The polar bear simulacrum bites you! The polar bear simulacrum freezes you!
* * * LOW HITPOINT WARNING * * *
The polar bear simulacrum claws you.
* * * LOW HITPOINT WARNING * * *
The polar bear simulacrum freezes you!
You feel yourself slow down.
* * * LOW HITPOINT WARNING * * *
The polar bear simulacrum barely misses you.
You feel much better.
You block the polar bear simulacrum's attack.
The polar bear simulacrum claws you. The polar bear simulacrum freezes you!
* * * LOW HITPOINT WARNING * * *
The polar bear simulacrum closely misses you.
The polar bear simulacrum barely misses you.
The polar bear simulacrum claws you.
* * * LOW HITPOINT WARNING * * *
The polar bear simulacrum freezes you!
You feel as though you will be slow longer.
* * * LOW HITPOINT WARNING * * *
The polar bear simulacrum misses you. The polar bear simulacrum bites you!
You die...

##..
##...
#...#
(..##
#.(.#
##...##
##.ZZZ.##
#...@...#
#.......#
##..∩..##
##...##
#####


You could see 3 polar bear simulacra.

Vanquished Creatures
  2 ice devils (Lair:1)
  Prince Ribbit (D:9)
  8 hippogriffs
  Sigmund (D:4)
  A wraith (D:8)
  Eustachio (D:5)
  6 yaks
  A hungry ghost (D:8)
  A porcupine (D:8)
  Purgy (D:3)
  An ice beast (D:5)
  A sky beast (D:5)
  A black bear (D:6)
  2 phantoms
  2 ogres
  4 centaurs
  3 crocodiles
  Blork the orc (D:4)
  6 bullfrogs
  A wyvern zombie (D:7)
  An elf zombie (Ossuary)
  A gnoll sergeant (D:9)
  3 scorpions
  3 centaur zombies (Ossuary)
  8 howler monkeys
  9 crimson imps
  A human zombie (Ossuary)
  Crazy Yiuf (D:3)
  2 bullfrog skeletons
  A centaur skeleton (D:8)
  Ijyb (D:3)
  8 orc wizards
  2 iguanas
  7 worker ants
  A wolf simulacrum (IceCv)
  4 big kobold zombies (Ossuary)
  A hound zombie (Ossuary)
  3 mummies (Ossuary)
  A worker ant zombie (D:6)
  5 gnolls (D:9)
  12 adders
  4 shadow imps
  An ooze (D:3)
  4 adder zombies (Ossuary)
  An adder skeleton (D:5)
  6 worms
  A leopard gecko (D:1)
  29 orcs
  3 ball pythons
  4 giant cockroaches
  8 goblins
  6 hobgoblins
  4 jackals
  7 kobolds
  6 quokkas
  8 bats
  8 frilled lizards
  A goblin zombie (Ossuary)
  4 hobgoblin zombies (Ossuary)
  A jackal skeleton (D:9)
  4 jackal zombies (Ossuary)
  4 kobold zombies (Ossuary)
  An orc zombie (Ossuary)
  5 quokka zombies (Ossuary)
  7 rats
  A rat zombie (Ossuary)
248 creatures vanquished.

Vanquished Creatures (collateral kills)
  A porcupine (D:8)
  2 yaks (Lair:1)
  A water moccasin (Lair:1)
  A leopard gecko (D:7)
5 creatures vanquished.

Vanquished Creatures (others)
  A crocodile (D:8)
  An orc priest (D:7)
  An adder (D:2)
  A giant cockroach (D:2)
  A hobgoblin zombie (Ossuary)
  A quokka zombie (Ossuary)
6 creatures vanquished.

Grand Total: 259 creatures vanquished

Notes
Turn   | Place    | Note
-------+----------+-------------------------------------------
     0 | D:1      | kuilvaprogi the Draconian Gladiator began the quest for the
                  | Orb.
     0 | D:1      | Reached XP level 1. HP: 17/17 MP: 1/1
   253 | D:1      | Reached XP level 2. HP: 23/25 MP: 2/2
  1231 | D:2      | Reached XP level 3. HP: 28/30 MP: 3/3
  1263 | D:2      | Reached skill level 3 in Fighting
  1598 | D:2      | Reached XP level 4. HP: 35/38 MP: 4/4
  1936 | D:2      | Found a shimmering altar of Xom.
  2149 | D:2      | Became a worshipper of Xom of Chaos
  2533 | D:3      | XOM: 2-stop teleportation journey
  2547 | D:3      | Reached XP level 5. HP: 46/46 MP: 5/5
  2678 | D:3      | Found a runed translucent door.
  2679 | D:3      | Noticed Crazy Yiuf
  2680 | D:3      | XOM: divination: detect creatures
  2686 | D:3      | Killed Crazy Yiuf
  2976 | D:3      | Noticed Purgy
  2995 | D:3      | Noticed Ijyb
  3011 | D:3      | Killed Ijyb
  3011 | D:3      | Reached skill level 4 in Fighting
  3017 | D:3      | Gained mutation: You expend magic power (3 MP) to
                  | strengthen your wands. [potion of mutation]
  3017 | D:3      | Gained mutation: You have sharp toenails. [potion of
                  | mutation]
  3019 | D:3      | XOM: divination: detect creatures
  3045 | D:3      | XOM: divination: detect creatures
  3539 | D:4      | Reached XP level 6. HP: 49/52 MP: 6/6
  3594 | D:4      | Noticed Blork the orc
  3608 | D:4      | Killed Blork the orc
  3770 | D:4      | Found Coxtop's Food Shop.
  3863 | D:4      | Found a sparkling altar of Nemelex Xobeh.
  3872 | D:4      | Found a burning altar of Makhleb.
  3914 | D:4      | Noticed Sigmund
  3935 | D:4      | Killed Sigmund
  3935 | D:4      | Reached skill level 5 in Polearms
  4118 | D:4      | Reached skill level 5 in Fighting
  4125 | D:4      | Your scales start taking on a rich purple colour.
  4125 | D:4      | Reached XP level 7. HP: 61/61 MP: 7/7
  4590 | D:4      | XOM: divination: detect items
  4714 | D:3      | Killed Purgy
  4714 | D:3      | Reached skill level 5 in Dodging
  4823 | D:5      | Entered Level 5 of the Dungeon
  4871 | D:5      | XOM: silly message
  4891 | D:5      | XOM: silly message
  5040 | D:5      | Found a staircase to the Ecumenical Temple.
  5289 | D:5      | Reached skill level 6 in Fighting
  5405 | D:5      | Found a glowing drain.
  5558 | D:5      | XOM: summons friendly iron imp
  5584 | D:5      | Reached XP level 8. HP: 70/70 MP: 8/8
  5742 | D:5      | Found an ornate altar of the Wu Jian Council.
  5742 | D:5      | Found a snail-covered altar of Cheibriados.
  5757 | D:5      | Noticed Eustachio
  5768 | D:5      | Killed Eustachio
  6211 | D:6      | XOM: confuse monster(s)
  6216 | D:6      | Reached skill level 7 in Fighting
  6401 | D:6      | XOM: god gift: robe {god gift}
  6438 | D:6      | Found a bloodstained altar of Trog.
  6460 | D:6      | XOM: blink monster(s)
  6762 | D:6      | XOM: god gift: clouded ruby amulet {god gift}
  6763 | D:6      | Got a clouded ruby amulet {god gift}
  6764 | D:6      | Identified the amulet of Lady Luck {Regen+ Dex+3} (Xom
                  | gifted it to you on level 6 of the Dungeon)
  6809 | D:6      | XOM: cloud trail
  6895 | D:6      | XOM: cloud trail
  6899 | D:6      | XOM: give mutations
  6899 | D:6      | Gained mutation: You are resistant to hostile enchantments.
                  | (MR+) [Xom's grace]
  6899 | D:6      | Gained mutation: You are robust. (+10% HP) [Xom's grace]
  6899 | D:6      | Gained mutation: Your muscles are strong. (Str +2) [Xom's
                  | grace]
  6910 | D:6      | XOM: give mutations
  6910 | D:6      | Gained mutation: You are highly resistant to hostile
                  | enchantments. (MR++) [Xom's grace]
  6910 | D:6      | Gained mutation: You are extremely resistant to the effects
                  | of hostile enchantments. (MR+++) [Xom's grace]
  6912 | D:7      | Noticed a hippogriff
  6922 | D:7      | XOM: cleaving
  6930 | D:7      | Killed a hippogriff
  6930 | D:7      | Reached XP level 9. HP: 69/88 MP: 9/9
  7033 | D:7      | XOM: smoke on damage
  7067 | D:7      | XOM: god gift: 7 rations
  7083 | D:7      | XOM: 4-stop teleportation journey
  7116 | D:7      | XOM: summons 2 friendly demons
  7131 | D:7      | Reached skill level 8 in Fighting
  7139 | D:7      | Found a sand-covered staircase.
  7147 | Ossuary  | Entered an ossuary
  7170 | Ossuary  | XOM: give mutations
  7170 | Ossuary  | Lost mutation: You are extremely resistant to the effects
                  | of hostile enchantments. (MR+++) [Xom's mischief]
  7170 | Ossuary  | Gained mutation: Your body sometimes deteriorates upon
                  | taking damage. [Xom's mischief]
  7170 | Ossuary  | Gained mutation: You are agile. (Dex +2) [Xom's mischief]
  7330 | Ossuary  | XOM: destruction
  7406 | Ossuary  | Learned a level 1 spell: Corona
  7556 | D:7      | Reached skill level 1 in Spellcasting
  7556 | D:7      | Reached skill level 1 in Hexes
  7697 | D:7      | XOM: potion effect (haste)
  7722 | D:7      | XOM: silly message
  7962 | D:7      | XOM: potion effect (invisibility)
  7973 | D:7      | Reached skill level 9 in Fighting
  7976 | D:7      | XOM: silly message
  8149 | D:8      | Reached XP level 10. HP: 53/100 MP: 13/13
  8200 | D:8      | XOM: silly message
  8231 | D:8      | XOM: enchant monster (good)
  8253 | D:8      | XOM: repel stairs
  8350 | D:8      | Found a staircase to the Lair.
  9026 | D:9      | Noticed Joseph
  9106 | D:9      | Noticed Prince Ribbit
  9113 | D:9      | Killed Prince Ribbit
  9266 | D:9      | Found an ancient bone altar of Kikubaaqudgha.
  9266 | D:9      | Found an ornate altar of the Wu Jian Council.
  9285 | D:9      | XOM: give mutations
  9285 | D:9      | Gained mutation: Your body often deteriorates upon taking
                  | damage. [Xom's mischief]
  9291 | D:9      | Noticed a yaktaur captain
  9291 | D:9      | XOM: smoke on damage
  9359 | Lair:1   | Entered Level 1 of the Lair of Beasts
  9440 | Lair:1   | Reached skill level 10 in Fighting
  9454 | Lair:1   | XOM: summons 6 hostile demons
  9470 | Lair:1   | XOM: cleaving
  9482 | Lair:1   | XOM: confuse monster(s)
  9486 | Lair:1   | XOM: cast spell 'Call Canine Familiar'
  9494 | Lair:1   | XOM: summons 6 friendly demons
  9501 | Lair:1   | Reached skill level 5 in Hexes
  9558 | Lair:1   | Found a frozen archway.
  9564 | Lair:1   | XOM: scenery: create altars
  9588 | Lair:1   | XOM: confuse monster(s)
  9613 | IceCv    | Entered an ice cave
  9622 | IceCv    | Slain by a polar bear simulacrum

Illustrated notes

Levels and vault maps discovered:
D:1:      lemuel_arrival_tunnels, layout_loops_corners
D:2:      layout_basic, xom_teletrap_fun, minmay_misc_feat_more_columns,
          lemuel_flame_loot_1
D:3:      layout_loops_ring, minmay_statues_item, uniq_crazy_yiuf_cottage,
          uniq_purgy, uniq_ijyb
D:4:      layout_basic, amethyst_overflow_temple_binary, serial_shops, shop,
          minmay_manual_mail, uniq_sigmund, uniq_blork_the_orc
D:5:      layout_basic, chequers_temple_overflow_statue_of_worship,
          minmay_temple_entry_purple_smoke, first_ration,
          cheibrodos_sewer_entry_bend, uniq_eustachio
D:6:      layout_loops_ring, old_standard_altar
D:7:      layout_loops_ring, chequers_ossuary_entry_cave
D:8:      layout_rooms, minmay_lair_entry_grove
D:9:      layout_irregular_city, jmf_multi_god_temple, uniq_prince_ribbit1,
          uniq_joseph
Lair:1:   layout_chaotic_city, portal_ice_cave_demonic_guard, uniq_erica
IceCv:    ice_cave_small_necro

Skill      XL: |  1  2  3  4  5  6  7  8  9 10 |
---------------+-------------------------------+-----
Dodging        | 3 4 5 6 8 9 |  9.0
Fighting       | 3 4 5 6 7 9 10 | 10.2
Polearms       | 4 5 6 7 8 9 |  9.8
Spellcasting   | 2 |  2.0
Hexes          | 2 5 |  5.3
Throwing       | |  1.7

Action                   |  1- 3 |  4- 6 |  7- 9 | 10-12 || total
-------------------------+-------+-------+-------+-------++-------
Melee: Trident           |    96 |   113 |   430 |   209 ||   848
       Tailslap          |     6 |    10 |    72 |    39 ||   127
       Kick              |       |    10 |   125 |    63 ||   198
Throw: Stone             |     4 |    47 |   115 |    20 ||   186
       Throwing net      |     2 |       |       |     1 ||     3
       Javelin           |       |     4 |     1 |    14 ||    19
       Boomerang         |       |       |    77 |    37 ||   114
 Abil: Breathe Dispellin |       |       |     2 |       ||     2
Evoke: Wand              |       |       |     1 |     5 ||     6
  Use: Potion            |       |     6 |       |     1 ||     7
       Scroll            |       |       |     9 |     3 ||    12
 Stab: Sleeping          |     2 |     1 |     4 |       ||     7
       Distracted        |       |       |     1 |       ||     1
       Confused          |       |       |     2 |     4 ||     6
       Paralysed         |       |       |     1 |       ||     1
       Invisible         |       |       |     7 |       ||     7
  Eat: Chunk             |     2 |     5 |    13 |     8 ||    28
       Ration            |       |     1 |       |       ||     1
Armor: Skin              |    20 |    20 |    68 |    40 ||   148
Dodge: Dodged            |    41 |    50 |   150 |   124 ||   365
Block: Kite shield       |       |       |    87 |    77 ||   164
